 Dungeon Crawl Stone Soup version 0.30-a0-618-gd6c86c23d0 (webtiles) character file.

Game seed: 6033696090523007998

84 flotson the Sneak (level 4, -1/52 HPs)
             Began as a Demonspawn Delver on Jan 10, 2023.
             Was an Initiate of Hepliaklqana.
             Slain by a river rat (6 damage)
             ... in a sewer.
             The game lasted 00:02:21 (832 turns).

flotson the Sneak (Demonspawn Delver)                Turns: 832, Time: 00:02:22

Health: -1/52      AC:  3    Str: 14    XL:     4   Next: 23%
Magic:  4/4        EV: 12    Int: 12    God:    Hepliaklqana [......]
Gold:   27         SH:  0    Dex: 14    Spells: 3/3 levels left

rFire   . . .      SeeInvis .    a - +0 hand axe
rCold   . . .      Faith    .    h - orb {*Rage}
rNeg    . . .      Spirit   .    b - +0 leather armour
rPois   .          Reflect  .    (no helmet)
rElec   .          Harm     .    (no cloak)
rCorr   .          Rampage  .    (no gloves)
Will    .....      Rage     20%  (no boots) Stlth
                                 (no amulet)
HPRegen 1.28/turn                (no ring)
MPRegen 0.09/turn                (no ring)

@: berserking, very quick
A: powered by death 2
a: Renounce Religion


You were in a sewer.
You worshipped Hepliaklqana.
Hepliaklqana was noncommittal.
You visited 2 branches of the dungeon, and saw 2 of its levels.
You also visited: Sewer.

You collected 27 gold pieces.

Inventory:

Hand Weapons
 a - a +0 hand axe (weapon)
Armour
 b - a +0 leather armour (worn)
 h - an orb of wrath (worn)
Jewellery
 i - a ring of positive energy
Wands
 g - a wand of digging (3)
Scrolls
 c - a scroll of fog
 l - a scroll of noise
Potions
 d - 2 potions of degeneration
 e - 4 potions of flight
 f - a potion of haste
 j - a potion of heal wounds {unknown}
 k - a potion of magic {unknown}


   Skills:
 + Level 3.4 Fighting
 - Level 2.0 Axes
 + Level 1.2 Armour
 + Level 2.3 Dodging
 + Level 4.8 Stealth
 + Level 1.2 Invocations
 + Level 1.2 Evocations


You had 3 spell levels left.
You didn't know any spells.
Your spell library was empty.

Dungeon Overview and Level Annotations

Branches:
Dungeon (5/15)             Temple (1/1) D:5           Sewer (1/1)

Altars:
Ashenzari
Fedhas
Hepliaklqana
Kikubaaqudgha
Nemelex Xobeh
Qazlal
Ru
Sif Muna
Wu Jian


Innate Abilities, Weirdness & Mutations

You regenerate health from kills.


Message History

You closely miss the river rat.
The river rat is heavily wounded.
You hit the river rat but do no damage. x2
The river rat bites you but does no damage.
The river rat bites you. x2
Unknown command.
You hit the river rat.
You kill the river rat!
You hit the river rat but do no damage. x2; The river rat misses you.
The river rat bites you!
You have reached level 4!
You feel clever.
Your demonic ancestry asserts itself...
The wave of death grows in power.
You are too injured to fight recklessly!
Unknown command.
You are too injured to fight recklessly!
Unknown command.
You are too injured to fight recklessly!
Unknown command.
You are too injured to fight recklessly!
Unknown command.
A red film seems to cover your vision as you go berserk!
You feel yourself moving faster!
You feel mighty!
You hit the river rat.
The river rat is moderately wounded.
You barely miss the river rat. The river rat barely misses you.
The river rat closely misses you.
You closely miss the river rat.
The river rat is moderately wounded.
You hit the river rat. The river rat bites you. The river rat bites you!
* * * LOW HITPOINT WARNING * * *
You closely miss the river rat.
The river rat is moderately wounded.
You slash the river rat!
You kill the river rat!
The river rat bites you.
* * * LOW HITPOINT WARNING * * *
You barely miss the river rat.
The river rat is moderately wounded.
The river rat bites you.
You die...

#.≈.≈ #~≈~~ #~≈~# #.≈~# ######
###### #~≈~# #....# ....#
#~≈~#####''#####†r#####
#.~~~~..........@....∩#
#.~~~.~..............∩# #~≈~#
#~≈~#####''#####''##### #.≈~#
#.≈~# #....# #....# #~≈~# #~≈~#
###### ###### #~≈~#
#~≈~#######################~≈~###
≈~≈~~~...~~~~~~~~~~~~~~.~.~~~~~.~
≈.≈≈≈≈≈≈≈≈≈≈≈≈≈≈≈≈≈≈≈≈≈≈≈≈≈≈≈≈≈≈≈
≈~~~†~~~~..~~~~~~~~~~~~..~~.~~~~†


You could see a river rat.

Vanquished Creatures
  An iguana (D:5)
  3 adders (Sewer)
  2 river rats (Sewer)
  A giant cockroach (Sewer)
  A jackal (Sewer)
  3 ball pythons (Sewer)
  5 bats (Sewer)
  A frilled lizard (Sewer)
17 creatures vanquished.

Notes
Turn   | Place    | Note
-------+----------+-------------------------------------------
     0 | D:5      | flotson the Demonspawn Delver began the quest for the Orb.
     0 | D:5      | Reached XP level 1. HP: 18/18 MP: 1/1
    89 | D:5      | Found a staircase to the Ecumenical Temple.
    91 | D:5      | Noticed an iguana
   100 | D:5      | Killed an iguana
   101 | D:5      | Gained mutation: You regenerate a little health from kills.
                  | [demonic ancestry]
   101 | D:5      | Reached XP level 2. HP: 23/24 MP: 2/2
   105 | Temple   | Entered the Ecumenical Temple
   217 | Temple   | Became a worshipper of Hepliaklqana the Forgotten
   257 | D:5      | Found a glowing drain.
   267 | Sewer    | Entered a sewer
   279 | Sewer    | Reached XP level 3. HP: 18/29 MP: 3/3
   490 | Sewer    | Reached skill level 1 in Evocations
   774 | Sewer    | Reached skill level 1 in Armour
   776 | Sewer    | Reached skill level 1 in Invocations
   829 | Sewer    | Gained mutation: You regenerate health from kills. [demonic
                  | ancestry]
   829 | Sewer    | Reached XP level 4. HP: 12/35 MP: 4/4
   832 | Sewer    | Slain by a river rat

Illustrated notes

Levels and vault maps discovered:
D:5:      layout_loops_corners, minmay_temple_entry_junction, serial_rivers,
          chequers_serial_rivers_room_b, chequers_serial_rivers_small_3,
          chequers_serial_rivers_micro_b, chequers_serial_rivers_large_a,
          chequers_serial_rivers_micro_d, chequers_serial_rivers_micro_a,
          portal_sewer_entry_a, uniq_sigmund, uniq_eustachio,
          uniq_crazy_yiuf_cottage
Temple:   jpeg_temple_clearing
Sewer:    sewer_fruit_machine

Skill      XL: |  1  2  3 |
---------------+----------+-----
Axes           | 2 |  2.0
Dodging        | 2 |  2.3
Evocations     | 1 |  1.2
Armour         | 1 |  1.2
Invocations    | 1 |  1.2
Fighting       | |  3.4
Stealth        | |  4.8

Action                   |  1- 3 |  4- 6 || total
-------------------------+-------+-------++-------
Melee: Hand axe          |    59 |     4 ||    63
  Use: Potion            |     1 |       ||     1
       Scroll            |     2 |       ||     2
 Stab: Sleeping          |     1 |       ||     1
Armor: Leather armour    |    33 |       ||    33
Dodge: Dodged            |    68 |     2 ||    70

Table legend: (Time is in decaauts)
 A = Elapsed time spent in this place.
 B = Non-inter-level travel time spent in this place.
 C = Inter-level travel time spent in this place.
 D = Time resting spent in this place.
 E = Time spent auto-exploring this place.
 F = Levels seen in this place.
 G = Mean time per level.
                   A        B        C        D        E       F      G
               +--------+--------+--------+--------+--------+-----+--------+
         Total |    932 |    908 |     24 |    361 |    337 |   3 |  310.7 |
       Dungeon |    143 |    136 |      7 |      0 |     72 |   1 |  143.0 |
        Temple |    116 |     99 |     17 |      0 |     89 |   1 |  116.0 |
         Sewer |    671 |    671 |      0 |    361 |    176 |   1 |  671.0 |
               +--------+--------+--------+--------+--------+-----+--------+

Top non-repeatable levels by time:
   Sewer: 671 daAuts
     D:5: 143 daAuts
  Temple: 116 daAuts
